 Dungeon Crawl Stone Soup version 0.29.1-2-gbd0b4ee654 (webtiles) character file.

Game seed: 12006092236758898194

3 qeuew the Sneak (level 1, -1/9 HPs)
             Began as a Spriggan Enchanter on Nov 4, 2022.
             Slain by a hobgoblin (3 damage)
             ... on level 1 of the Dungeon.
             The game lasted 00:00:46 (167 turns).

qeuew the Sneak (Spriggan Enchanter)                 Turns: 167, Time: 00:00:46

Health: -1/9       AC:  2    Str:  4    XL:     1   Next: 41%
Magic:  5/5        EV: 17    Int: 16    God:
Gold:   2          SH:  0    Dex: 15    Spells: 5/5 levels left

rFire   . . .      SeeInvis +   a - +1 dagger
rCold   . . .      Faith    .   (no shield)
rNeg    . . .      Spirit   .   b - +0 robe
rPois   .          Reflect  .   (helmet restricted)
rElec   .          Harm     .   (no cloak)
rCorr   .          Rampage  .   (gloves unavailable)
Will    .....                   (boots unavailable)
Stlth   +++.......              (no amulet)
HPRegen 0.03/turn               (no ring)
MPRegen 0.09/turn               (no ring)

@: very quick
A: very small, no large weapons, unfitting armour, see invisible, speed 3
a: no special abilities


You were on level 1 of the Dungeon.
You visited 1 branch of the dungeon, and saw 1 of its levels.

You collected 2 gold pieces.

Inventory:

Hand Weapons
 a - a +1 dagger (weapon)
Armour
 b - a +0 robe (worn)
Potions
 c - 2 potions of invisibility


   Skills:
 * Level 1.2 Short Blades
 * Level 2.7 Dodging
 + Level 4.5 Stealth
 * Level 2.7 Spellcasting
 + Level 3.7 Hexes


You had 5 spell levels left.
You didn't know any spells.
Your spell library contained the following spells:

 Spells                   Type           Power      Damage    Failure   Level
 Confusing Touch          Hex            14%        N/A       13%         3
 Tukima's Dance           Hex            14%        N/A       13%         3
 Ensorcelled Hibernation  Hex/Ice        16%        N/A       14%         2
 Dazzling Flash           Conj/Hex       16%        N/A       26%         3
 Petrify                  Tmut/Erth      2%         N/A       88%         4
 Metabolic Englaciation   Hex/Ice        4%         N/A       94%         5
 Statue Form              Tmut/Erth      1%         N/A       100%        6


Dungeon Overview and Level Annotations

Branches:
Dungeon (1/15)

Altars:


Innate Abilities, Weirdness & Mutations

You are very small and have problems with some larger weapons.
You are too small for most types of armour.
You have supernaturally acute eyesight. (SInv)
You cover ground extremely quickly. (Speed+++)


Message History

Found a stone staircase leading down.
You open the door.
There is an open door here.
Found 7 stones.
You now have 2 gold pieces.
A quokka comes into view.
A quokka is nearby!
A hobgoblin comes into view.
You hit the quokka.
The quokka is heavily wounded.
The quokka closely misses you.
You hit the quokka but do no damage.
The quokka is heavily wounded.
The quokka bites you.
You miss the quokka.
The quokka is heavily wounded.
The quokka misses you.
There are monsters nearby!
There are monsters nearby!
You hit the quokka but do no damage.
The quokka is heavily wounded.
The hobgoblin shouts!
The quokka bites you.
* * * LOW HITPOINT WARNING * * *
You are too injured to fight recklessly!
You are too injured to fight recklessly!
You closely miss the quokka.
The quokka is heavily wounded.
The quokka barely misses you.
You completely miss the quokka.
The quokka is heavily wounded.
The quokka closely misses you.
Okay, then.
You hit the quokka.
The quokka is severely wounded.
The quokka barely misses you. The quokka completely misses you.
You hit the quokka.
You kill the quokka!
You closely miss the hobgoblin. The hobgoblin hits you.
You die...

# ##########.# ######
#..........#
.....#########..........#
.............'..@.......#
......########..g.......#
......# #..........#
......# #........###
......# #........#
...#..#### #........##
.#.#...... +........(.
.#.#...### #!.†.....##
.......# #.........#


You could see a hobgoblin.

Vanquished Creatures
  An endoplasm (D:1)
  A quokka (D:1)
  A ball python (D:1)
3 creatures vanquished.

Notes
Turn   | Place    | Note
-------+----------+-------------------------------------------
     0 | D:1      | qeuew the Spriggan Enchanter began the quest for the Orb.
     0 | D:1      | Reached XP level 1. HP: 9/9 MP: 5/5
   167 | D:1      | Slain by a hobgoblin

Illustrated notes

Levels and vault maps discovered:
D:1:      co_arrival_random_square_maze, layout_basic, patterned_corridor

Action                   || total
-------------------------++-------
Melee: Dagger            ||    11
 Stab: Sleeping          ||     1
Dodge: Dodged            ||     6
